 Dungeon Crawl Stone Soup version 0.30.0-15-g856e2d3f33 (webtiles) character file.

Game seed: 2252567580350290537

170 cheesebisquit the Ruffian (level 5, -8/40 HPs)
             Began as a Hill Orc Transmuter on May 19, 2023.
             Killed by divine providence
             ... invoked by an orc priest
              (15 damage)
             ... on level 3 of the Dungeon.
             The game lasted 00:11:08 (2910 turns).

cheesebisquit the Ruffian (Hill Orc Transmuter)     Turns: 2910, Time: 00:11:08

Health: -8/40      AC:  2    Str: 13    XL:     5   Next: 51%
Magic:  6/9        EV: 12    Int: 15    God:
Gold:   43         SH:  0    Dex: 17    Spells: 0/10 levels left

rFire   . .          .
                       - Unarmed
rCold   . . .        (no shield)
rNeg    . . .        a - +0 robe
rPois   .            (helmet currently unavailable)
rElec   .            (no cloak)
rCorr   .            (no gloves)
SInv    .            (boots currently unavailable)
Will    .....        (no amulet)
Stlth   ++           j - +6 ring of dexterity
HPRegen 0.26/turn    (no ring)
MPRegen 0.11/turn

%: no passive effects
@: appendages, wereblooded
A: horns 2, talons 2
a: End Transformation, Convert to Beogh


You were on level 3 of the Dungeon.
You had temporarily grown beastly horns and talons.
You visited 1 branch of the dungeon, and saw 3 of its levels.

You collected 43 gold pieces.

Inventory:

Hand Weapons
 h - the +4 mace of Oweghed {drain, rF+}
   (You found it on level 2 of the Dungeon)

   rF:        It protects you from fire.
Armour
 a - a +0 robe (worn)
 i - a +0 chain mail of willpower
Jewellery
 j - a +6 ring of dexterity (left hand)
Wands
 o - a wand of flame (8)
 p - a wand of charming (5)
Scrolls
 e - a scroll of fear {unknown}
 g - a scroll of brand weapon {unknown}
 k - a scroll of magic mapping {unknown}
 l - 2 scrolls of teleportation {unknown}
 m - a scroll of fog {unknown}
 n - a scroll of identify {unknown}
Potions
 b - a potion of lignification
 c - a potion of heal wounds {unknown}
 d - a potion of degeneration {unknown}
 f - a potion of might {unknown}


   Skills:
 + Level 1.2 Fighting
 - Level 1.5 Dodging
 + Level 3.2 Unarmed Combat
 + Level 3.1 Spellcasting
 + Level 3.0 Transmutations


You couldn't memorise any spells.
You knew the following spells:

 Your Spells              Type           Power      Damage    Failure   Level
a - Beastly Appendage     Tmut           22%        N/A       5%          1
b - Wereblood             Tmut           11%        N/A       9%          2
c - Spider Form           Tmut/Pois      7%         N/A       30%         3
d - Ice Form              Ice/Tmut       7%         N/A       71%         4

Your spell library contained the following spells:

 Spells                   Type           Power      Damage    Failure   Level
 Call Canine Familiar     Summ           2%         N/A       52%         3
 Portal Projectile        Hex/Tloc       4%         N/A       52%         3
 Leda's Liquefaction      Hex/Erth       1%         N/A       89%         4


Dungeon Overview and Level Annotations

Branches:
Dungeon (3/15)

Altars:
Okawaru

Shops:
D:1 *


Innate Abilities, Weirdness & Mutations

You have temporarily grown beastly horns and talons.


Message History

Found a robe.
The kobold shouts!
You grow a pair of large bovine horns.
Your feet morph into talons.
The kobold barely misses you.
You completely miss the kobold. The kobold completely misses you.
You closely miss the kobold. You claw the kobold.
You kill the kobold!
An orc priest comes into view. It is wielding a +0 short sword.
Your transformation is almost over.
The orc priest shouts, "Surrender to Beogh and we'll let you live!" (press Y on the ability menu to convert to Beogh)
The orc priest calls down the wrath of Beogh upon you.
Beogh smites you!
You hear a shout! x2
An orc comes into view. It is wielding a +0 dagger.
You hear a shout!
The orc shouts!
You hear a shout!
An orc priest comes into view.
It is wielding a +1 war axe of electrocution.
You extend your transformation's duration. 2 orcs come into view.
An orc is wielding a +0 club and wearing a +2 leather armour of fire resistance.
The orc shouts!
The orc priest casts a cantrip, but nothing happens.
Casting: Beastly Appendage (safe; 5% risk of failure)
Confirm with . or Enter, or press ? or * to list all spells.
Your blood is infused with primal strength.
An orc priest comes into view. It is wielding a +0 club.
The orc priest invokes the aid of Beogh against you.
Pain shoots through your body!
The orc priest hits you with a +0 short sword.
The orc closely misses you.
The orc priest shouts, "Beogh is our master!
Accept the truth or die!"
You hit the orc priest but do no damage.
The orc priest threatens, "By the altar or by the axe, you will meet Beogh!"
Your headbutt misses the orc priest.
The orc priest invokes the aid of Beogh against you.
Pain shoots through your body!
* * * LOW HITPOINT WARNING * * *
The orc priest invokes the aid of Beogh against you.
Beogh smites you!
You die...

...#######.#
...........#
........####
...####...#####.#
. +......).....#
...######.####[..
...........#
...........#
########@..#
......ooo..#
.~o.o~......+
.o.......#.##
.........#$..
.........####.
.~...~..## .
........#


You could see 3 orc priests and 3 orcs.

Vanquished Creatures
  Natasha (thrice) (D:2)
  4 gnolls (D:2)
  An adder (D:2)
  An orc (D:3)
  A ball python (D:1)
  4 endoplasms
  3 giant cockroaches
  6 goblins
  7 hobgoblins
  3 jackals
  A quokka (D:1)
  3 frilled lizards (D:1)
  4 kobolds
  5 rats
46 creatures vanquished.

Notes
Turn   | Place    | Note
-------+----------+-------------------------------------------
     0 | D:1      | cheesebisquit the Hill Orc Transmuter began the quest for
                  | the Orb.
     0 | D:1      | Reached XP level 1. HP: 16/16 MP: 3/3
   143 | D:1      | Reached XP level 2. HP: 21/23 MP: 2/4
   416 | D:1      | Found Qaly's Assorted Antiques.
   803 | D:1      | Reached XP level 3. HP: 23/28 MP: 4/6
   952 | D:1      | Learned a level 2 spell: Wereblood
   956 | D:1      | Learned a level 3 spell: Spider Form
   957 | D:2      | Noticed Natasha
   964 | D:2      | Killed Natasha
   966 | D:2      | Identified the +4 mace of Oweghed {drain, rF+}
  1258 | D:2      | Reached XP level 4. HP: 35/35 MP: 4/7
  1479 | D:2      | Noticed Natasha
  1488 | D:2      | Killed Natasha
  1553 | D:2      | Found an iron altar of Okawaru.
  1805 | D:2      | Reached XP level 5. HP: 35/40 MP: 6/9
  1956 | D:2      | Noticed Natasha
  1965 | D:2      | Killed Natasha
  2109 | D:2      | Learned a level 4 spell: Ice Form
  2613 | D:2      | Found an iron altar of Okawaru.
  2910 | D:3      | Killed from afar by an orc priest

Illustrated notes

Levels and vault maps discovered:
D:1:      psy_arrival_radial02, layout_basic, serial_shops,
          nicolae_shop_peninsula
D:2:      layout_loops_ring, basic_altar, dk_noncrumbling_2, uniq_natasha
D:3:      cheibrodos_pilgrimage, layout_basic, mainiacjoe_overflow_brackets

Skill      XL: |  1  2  3  4  5 |
---------------+----------------+-----
Spellcasting   | 2 3 |  3.1
Transmutations | 2 3 |  3.0
Fighting       | |  1.2
Dodging        | |  1.5
Unarmed Combat | |  3.2

Action                     |  1- 3 |  4- 6 || total
---------------------------+-------+-------++-------
  Melee: Unarmed           |    75 |    67 ||   142
         Kick              |    12 |    17 ||    29
         Headbutt          |    10 |     8 ||    18
         Punch             |     1 |     3 ||     4
   Cast: Beastly Appendage |    23 |    13 ||    36
         Wereblood         |       |     2 ||     2
   Stab: Sleeping          |       |     2 ||     2
 Armour: Robe              |     7 |     8 ||    15
  Dodge: Dodged            |    42 |    38 ||    80
